SAAA
PENNSAUKEN FLYERS @ PAWNEE PARKSNREC
07/16/2027
 
TOP OF THE 1ST
Pennsauken Flyers batting - Pitching for Pawnee ParksNRec : RHP Howard Finch
Pitching: RHP Howard Finch
Batting: LHB Vinski Prifti 0-0: Foul Ball, location: 2F
0-1: Called Strike
0-2: Foul Ball, location: 2F
0-2: Ball
1-2: Ball
2-2: Ball
3-2: Ground out 5-3 (Groundball, 56)
Batting: SHB Nuygen Vuong 0-0: Bunt missed!
0-1: Foul Ball, location: 2F
0-2: Foul Ball, location: 2F
0-2: Foul Ball, location: 2F
0-2: Ball
1-2: Ball
2-2: Foul Ball, location: 2F
2-2: Strikes out swinging
Batting: RHB José Rodríguez 0-0: Swinging Strike
0-1: Swinging Strike
0-2: Ball
1-2: Ball
2-2: Strikes out looking
Top of the 1st over - 0 run(s), 0 hit(s), 0 error(s), 0 left on base; Pennsauken 0 - Pawnee 0
BOTTOM OF THE 1ST
Pawnee ParksNRec batting - Pitching for Pennsauken Flyers : RHP Claudio Díaz
Pitching: RHP Claudio Díaz
Batting: SHB Júlio Camacho 0-0: Called Strike
0-1: Foul Ball, location: 2F
0-2: Ground out 6-3 (Groundball, 6S)
Batting: SHB Carlos Alicea 0-0: Ball
1-0: Called Strike
1-1: Called Strike
1-2: Ball
2-2: Ball
3-2: Ground out 5-3 (Groundball, 56S)
Batting: LHB Charles Mathes 0-0: Ball
1-0: Foul Ball, location: 2F
1-1: Ball
2-1: Ball
3-1: Base on Balls
Batting: RHB Xavier Pérez 0-0: Ball
1-0: Called Strike
1-1: Ball
2-1: Ball
3-1: Foul Ball, location: 2F
3-2: Fly out, F6 (Popup, 6)
Bottom of the 1st over - 0 run(s), 0 hit(s), 0 error(s), 1 left on base; Pennsauken 0 - Pawnee 0
TOP OF THE 2ND
Pennsauken Flyers batting - Pitching for Pawnee ParksNRec : RHP Howard Finch
Batting: RHB Byron Isaacson 0-0: Ball
1-0: SINGLE (Line Drive, 8LS)
Batting: LHB Brad Lawrence 0-0: Ball
1-0: Foul Ball, location: 2F
1-1: Called Strike
1-2: Strikes out swinging
Batting: LHB Javier Antonio 0-0: Foul Ball, location: 2F
0-1: Grounds into double play, 4-6-3 (Groundball, 4)
Top of the 2nd over - 0 run(s), 1 hit(s), 0 error(s), 0 left on base; Pennsauken 0 - Pawnee 0
BOTTOM OF THE 2ND
Pawnee ParksNRec batting - Pitching for Pennsauken Flyers : RHP Claudio Díaz
Batting: LHB Obidiah Lewis 0-0: Called Strike
0-1: Ball
1-1: Ball
2-1: Ball
3-1: Foul Ball, location: 2F
3-2: Base on Balls
Batting: LHB Felipe Trujillo 0-0: Ball
1-0: Swinging Strike
1-1: Ball
2-1: Ground out U3 (Groundball, 34S)
Obidiah Lewis to second
Batting: SHB Vicente Pueblo 0-0: Ball
1-0: Fly out, F8 (Flyball, 8LM)
Batting: LHB Ernesto Sánchez 0-0: Called Strike
0-1: Ground out U3 (Groundball, 34)
Bottom of the 2nd over - 0 run(s), 0 hit(s), 0 error(s), 1 left on base; Pennsauken 0 - Pawnee 0
TOP OF THE 3RD
Pennsauken Flyers batting - Pitching for Pawnee ParksNRec : RHP Howard Finch
Batting: SHB Bob Lambert 0-0: Swinging Strike
0-1: SINGLE (Groundball, 34S) (infield hit)
Batting: RHB Abdul-Fattah bin Najjar 0-0: Ball
1-0: Ball
2-0: Called Strike
2-1: Called Strike
2-2: Strikes out swinging
Batting: RHB Enrique Ibarra Pickoff Throw to First - Error! E1
Bob Lambert to second
0-0: Swinging Strike
0-1: Ball
1-1: Called Strike
1-2: Foul Ball, location: 2F
1-2: Strikes out swinging
Batting: LHB Vinski Prifti 0-0: Swinging Strike
0-1: Ground out 3-1 (Groundball, 3S)
Top of the 3rd over - 0 run(s), 1 hit(s), 1 error(s), 1 left on base; Pennsauken 0 - Pawnee 0
BOTTOM OF THE 3RD
Pawnee ParksNRec batting - Pitching for Pennsauken Flyers : RHP Claudio Díaz
Batting: RHB Ronald Hines 0-0: Called Strike
0-1: Foul Ball, location: 2F
0-2: Ball
1-2: Strikes out swinging
Batting: SHB Júlio Camacho 0-0: Called Strike
0-1: Bunted foul
0-2: Fly out, F9 (Flyball, 9)
Batting: SHB Carlos Alicea 0-0: Ball
1-0: Swinging Strike
1-1: Foul Ball, location: 2F
1-2: Strikes out swinging
Bottom of the 3rd over - 0 run(s), 0 hit(s), 0 error(s), 0 left on base; Pennsauken 0 - Pawnee 0
TOP OF THE 4TH
Pennsauken Flyers batting - Pitching for Pawnee ParksNRec : RHP Howard Finch
Batting: SHB Nuygen Vuong 0-0: Ball
1-0: Swinging Strike
1-1: Swinging Strike
1-2: Foul Ball, location: 2F
1-2: Foul Ball, location: 2F
1-2: Ball
2-2: Ball
3-2: Ground out 5-3 (Groundball, 2L)
Batting: RHB José Rodríguez 0-0: Called Strike
0-1: Foul Ball, location: 2F
0-2: Ball
1-2: Ball
2-2: Foul Ball, location: 2F
2-2: Ball
3-2: Fly out, F7 (Flyball, 7S)
Batting: RHB Byron Isaacson 0-0: Ball
1-0: Ball
2-0: Called Strike
2-1: Ball
3-1: Foul Ball, location: 2F
3-2: Ground out 6-3 (Groundball, 6)
Top of the 4th over - 0 run(s), 0 hit(s), 0 error(s), 0 left on base; Pennsauken 0 - Pawnee 0
BOTTOM OF THE 4TH
Pawnee ParksNRec batting - Pitching for Pennsauken Flyers : RHP Claudio Díaz
Batting: LHB Charles Mathes 0-0: Ball
1-0: Ground out U3 (Groundball, 3)
Batting: RHB Xavier Pérez 0-0: Ball
1-0: Ball
2-0: SINGLE (Groundball, 6MD)
Batting: LHB Obidiah Lewis 0-0: Grounds into double play, 6-4-3 (Groundball, 6)
Bottom of the 4th over - 0 run(s), 1 hit(s), 0 error(s), 0 left on base; Pennsauken 0 - Pawnee 0
TOP OF THE 5TH
Pennsauken Flyers batting - Pitching for Pawnee ParksNRec : RHP Howard Finch
Batting: LHB Brad Lawrence 0-0: Ball
1-0: Ball
2-0: Ball
3-0: Called Strike
3-1: Reached on error, E3 (Groundball, 3)
Batting: LHB Javier Antonio 0-0: Ball
1-0: Foul Ball, location: 2F
1-1: Grounds into double play, 4-6-3 (Groundball, 4)
Batting: SHB Bob Lambert 0-0: Called Strike
0-1: Ball
1-1: Ground out 4-3 (Groundball, 34D)
Top of the 5th over - 0 run(s), 0 hit(s), 1 error(s), 0 left on base; Pennsauken 0 - Pawnee 0
BOTTOM OF THE 5TH
Pawnee ParksNRec batting - Pitching for Pennsauken Flyers : RHP Claudio Díaz
Batting: LHB Felipe Trujillo 0-0: Fly out, F8 (Line Drive, 8LD)
Batting: SHB Vicente Pueblo 0-0: Ground out 4-3 (Groundball, 4)
Batting: LHB Ernesto Sánchez 0-0: Ground out 4-3 (Groundball, 4)
Bottom of the 5th over - 0 run(s), 0 hit(s), 0 error(s), 0 left on base; Pennsauken 0 - Pawnee 0
TOP OF THE 6TH
Pennsauken Flyers batting - Pitching for Pawnee ParksNRec : RHP Howard Finch
Batting: RHB Abdul-Fattah bin Najjar 0-0: Called Strike
0-1: Ball
1-1: Ball
2-1: Fly out, F9 (Flyball, 89D)
Batting: RHB Enrique Ibarra 0-0: Ball
1-0: Foul Ball, location: 2F
1-1: Foul Ball, location: 2F
1-2: Ground out 6-3 (Groundball, 6)
Batting: LHB Vinski Prifti 0-0: Ball
1-0: Called Strike
1-1: Ground out 4-3 (Groundball, 4)
Top of the 6th over - 0 run(s), 0 hit(s), 0 error(s), 0 left on base; Pennsauken 0 - Pawnee 0
BOTTOM OF THE 6TH
Pawnee ParksNRec batting - Pitching for Pennsauken Flyers : RHP Claudio Díaz
Batting: RHB Ronald Hines 0-0: Ball
1-0: Ball
2-0: Ball
3-0: Called Strike
3-1: Base on Balls
Batting: SHB Júlio Camacho 0-0: Sac Bunt - play at first, batter OUT! 5-4
Ronald Hines to second
Batting: SHB Carlos Alicea 0-0: TRIPLE (Line Drive, 8RD)
Ronald Hines scores
Batting: LHB Charles Mathes 0-0: Intentional Walk
Batting: RHB Xavier Pérez 0-0: Swinging Strike
0-1: Ball
1-1: Fly out, F7 (Line Drive, 7)
Runner from 3rd tags up, SCORES, throw made
Batting: LHB Obidiah Lewis 0-0: Ball
Pickoff Throw to First - Out!
Bottom of the 6th over - 2 run(s), 1 hit(s), 0 error(s), 0 left on base; Pennsauken 0 - Pawnee 2
TOP OF THE 7TH
Pennsauken Flyers batting - Pitching for Pawnee ParksNRec : RHP Howard Finch
Batting: SHB Nuygen Vuong 0-0: Called Strike
0-1: Ball
1-1: Fly out, F8 (Flyball, 8RM)
Batting: RHB José Rodríguez 0-0: Ball
1-0: Ball
2-0: Called Strike
2-1: Foul Ball, location: 2F
2-2: Ball
3-2: Foul Ball, location: 2F
3-2: Foul Ball, location: 2F
3-2: Fly out, F9 (Flyball, 9)
Batting: RHB Byron Isaacson 0-0: Ball
1-0: Foul Ball, location: 2F
1-1: Called Strike
1-2: Foul Ball, location: 2F
1-2: Strikes out swinging
Top of the 7th over - 0 run(s), 0 hit(s), 0 error(s), 0 left on base; Pennsauken 0 - Pawnee 2
BOTTOM OF THE 7TH
Pawnee ParksNRec batting - Pitching for Pennsauken Flyers : RHP Claudio Díaz
Batting: LHB Obidiah Lewis 0-0: Ball
1-0: Foul Ball, location: 2F
1-1: Hit by Pitch
Batting: LHB Felipe Trujillo 0-0: 2-RUN HOME RUN (Flyball, 9D), Distance : 385 ft
Batting: SHB Vicente Pueblo 0-0: Ball
1-0: Ball
2-0: Foul Ball, location: 2F
2-1: Ball
3-1: Called Strike
3-2: Fly out, F9 (Flyball, 9D)
Batting: LHB Ernesto Sánchez 0-0: Called Strike
0-1: Ball
1-1: Ball
2-1: Ground out 4-3 (Groundball, 4)
Batting: RHB Ronald Hines 0-0: Ball
1-0: Ball
2-0: Ball
3-0: Called Strike
3-1: Fly out, F3 (Popup, 3D)
Bottom of the 7th over - 2 run(s), 1 hit(s), 0 error(s), 0 left on base; Pennsauken 0 - Pawnee 4
TOP OF THE 8TH
Pennsauken Flyers batting - Pitching for Pawnee ParksNRec : RHP Howard Finch
Batting: LHB Brad Lawrence 0-0: Ball
1-0: Called Strike
1-1: Fly out, F8 (Flyball, 8LS)
Batting: LHB Javier Antonio 0-0: Ball
1-0: Fly out, F7 (Flyball, 7)
Batting: SHB Bob Lambert 0-0: Ball
1-0: SINGLE (Line Drive, 4)
Batting: RHB Abdul-Fattah bin Najjar 0-0: Ball
1-0: Called Strike
1-1: Ball
2-1: Ball
3-1: Base on Balls
Bob Lambert to second
Pitching: RHP Jesse Bowling
Batting: RHB Enrique Ibarra 0-0: Ball
1-0: Called Strike
1-1: Called Strike
1-2: Ball
2-2: Strikes out swinging
Top of the 8th over - 0 run(s), 1 hit(s), 0 error(s), 2 left on base; Pennsauken 0 - Pawnee 4
BOTTOM OF THE 8TH
Pawnee ParksNRec batting - Pitching for Pennsauken Flyers : RHP Claudio Díaz
Batting: SHB Júlio Camacho 0-0: Single, Error in OF, E9, batter to second base
Batting: SHB Carlos Alicea 0-0: Foul Ball, location: 2F
0-1: Ball
1-1: Ground out 1-3 (Groundball, 13)
Júlio Camacho to third
Batting: LHB Charles Mathes 0-0: Intentional Walk
Batting: RHB Xavier Pérez 0-0: Ball
1-0: Ball
2-0: Called Strike
2-1: Foul Ball, location: 2F
2-2: Foul Ball, location: 2F
2-2: Strikes out swinging
Batting: LHB Obidiah Lewis 0-0: Fielders Choice at 2nd, 4-6 (Groundball, 4D)
Bottom of the 8th over - 0 run(s), 1 hit(s), 1 error(s), 1 left on base; Pennsauken 0 - Pawnee 4
TOP OF THE 9TH
Pennsauken Flyers batting - Pitching for Pawnee ParksNRec : RHP Jesse Bowling
Pitching: LHP Luis Cuero
Batting: LHB Vinski Prifti 0-0: Called Strike
0-1: Foul Ball, location: 2F
0-2: Strikes out looking
Batting: SHB Nuygen Vuong 0-0: Foul Ball, location: 2F
0-1: Ball
1-1: Called Strike
1-2: Foul Ball, location: 2F
1-2: Ball
2-2: TRIPLE (Flyball, 89M)
Batting: RHB José Rodríguez 0-0: Called Strike
0-1: Ball
1-1: Ball
2-1: Fly out, F5 (Line Drive, 56)
Batting: RHB Byron Isaacson 0-0: Ball
1-0: Ball
2-0: Called Strike
2-1: Fly out, F9 (Flyball, 9D)
Top of the 9th over - 0 run(s), 1 hit(s), 0 error(s), 1 left on base; Pennsauken 0 - Pawnee 4
Saturday, May 26th, 2018 - OOTP Baseball 17.12 Build 75